 Dungeon Crawl Stone Soup version 0.28.0-43-g3370ac3207 (webtiles) character file.

Game seed: 5475007500698610748

12 Descartes the Sneak (level 2, -9/14 HPs)
             Began as a Felid Delver on Mar 27, 2022.
             Mangled by Menkaure (20 damage)
             ... on level 5 of the Dungeon.
             The game lasted 00:00:09 (37 turns).

Descartes the Sneak (Felid Delver)                    Turns: 37, Time: 00:00:09

Health: -9/14      AC:  1    Str:  8    XL:     2   Next: 20%
Magic:  3/3        EV: 17    Int: 11    God:
Gold:   25         SH:  0    Dex: 17    Spells: 1/1 levels left
                                        Lives:  0   Deaths: 0

rFire   . . .      SeeInvis +     - Unarmed
rCold   . . .      Faith    .   (shield unavailable)
rNeg    . . .      Spirit   .   (armour unavailable)
rPois   .          Reflect  .   (helmet unavailable)
rElec   .          Harm     .   (cloak unavailable)
rCorr   .          Rampage  .   (gloves unavailable)
Will    .....                   (boots unavailable)
Stlth   ++++......              (no amulet)
HPRegen 0.04/turn               (no ring)
MPRegen 0.08/turn               (no ring)

@: quick
A: very small, claws 1, fangs 3, see invisible, speed 1, shaggy fur 1, stealthy
paws, no weapons or thrown items, no armour, multi-lived
a: no special abilities


You were on level 5 of the Dungeon.
You visited 1 branch of the dungeon, and saw 1 of its levels.

You collected 25 gold pieces.

Inventory:

Wands
 e - a wand of digging (3)
Scrolls
 a - a scroll of fog
 b - a scroll of magic mapping
 c - a scroll of fear
Potions
 d - a potion of haste


   Skills:
 - Level 3.0 Fighting
 - Level 2.6 Dodging
 + Level 7.3 Stealth
 - Level 2.0 Unarmed Combat


You had one spell level left.
You didn't know any spells.
Your spell library was empty.

Dungeon Overview and Level Annotations

Branches:
Dungeon (5/15)
 Temple: D:4-7

Altars:

Annotations:
D:5 Menkaure


Innate Abilities, Weirdness & Mutations

You have sharp claws.
You have razor-sharp teeth.
You have supernaturally acute eyesight. (SInv)
You cover ground quickly. (Speed+)
You are covered in fur. (AC +1)
Your paws help you pounce on unaware monsters.
You are incapable of wielding weapons or throwing items.
You cannot wear armour.
You gain extra lives every three experience levels.


Message History

Welcome, Descartes the Felid Delver.
The Orb of Zot is coveted for many reasons.
Will you seize it for your own?
Press ? for a list of commands and other information.
Found a stone staircase leading down.
You now have 13 gold pieces.
Found a whip.
You now have 25 gold pieces (gained 12).
Found a robe.
A hound skeleton comes into view.
Found a stone staircase leading down.
Menkaure, Prince of Dust comes into view.
You scratch the hound skeleton. You claw the hound skeleton.
The hound skeleton is moderately damaged.
The hound skeleton completely misses you.
You scratch the hound skeleton.
The hound skeleton is heavily damaged.
Menkaure shouts!
The hound skeleton bites you.
The hound skeleton bites you but does no damage.
You scratch the hound skeleton.
The hound skeleton is severely damaged.
The hound skeleton barely misses you.
You scratch the hound skeleton.
You bite the hound skeleton, but do no damage.
The hound skeleton is almost destroyed.
The hound skeleton misses you.
You scratch the hound skeleton.
You destroy the hound skeleton!
Your Stealth skill increases to level 7!
You have reached level 2!
You scratch Menkaure but do no damage. You closely miss Menkaure.
Menkaure hits you!!
Ouch! That really hurt!
You die...

##.#.#..#..####
...............
................
#................
.................
#.........[......
#........M.......
#.....)..@.......
.#................
................>..
###.#................
.....................
.....................
....................
....................
.#................


You could see Menkaure.

Vanquished Creatures
  A hound skeleton (D:5)
1 creature vanquished.

Notes
Turn   | Place    | Note
-------+----------+-------------------------------------------
     0 | D:5      | Descartes the Felid Delver began the quest for the Orb.
     0 | D:5      | Reached XP level 1. HP: 10/10 MP: 2/2
    28 | D:5      | Noticed Menkaure
    35 | D:5      | Reached skill level 7 in Stealth
    35 | D:5      | Reached XP level 2. HP: 11/14 MP: 3/3
    37 | D:5      | Mangled by Menkaure

Illustrated notes

Levels and vault maps discovered:
D:5:      layout_basic, mainiacjoe_overflow_concentric_impassable,
          minmay_checkerbox, uniq_menkaure, uniq_blork_the_orc

Skill      XL: |  1 |
---------------+----+-----
Stealth        | 7 |  7.3
Fighting       | |  3.0
Dodging        | |  2.6
Unarmed Combat | |  2.0

Action                   || total
-------------------------++-------
Melee: Unarmed           ||     7
       Punch             ||     1
       Bite              ||     1
Armor: Skin              ||     1
Dodge: Dodged            ||     3
